 Dungeon Crawl Stone Soup version 0.30.1-4-g462c640d31 (webtiles) character file.

Game seed: 17791518532175013352

89 coolio the Trooper (level 4, 36/36 HPs)
             Began as a Demonspawn Fighter on Sept 5, 2023.
             Quit the game on level 2 of the Dungeon.
             The game lasted 00:01:24 (1209 turns).

coolio the Trooper (Demonspawn Fighter)             Turns: 1209, Time: 00:01:25

Health: 36/36      AC:  6    Str: 18    XL:     4   Next: 31%
Magic:  4/4        EV:  9    Int:  9    God:
Gold:   80         SH:  4    Dex: 13    Spells: 3/3 levels left

rFire   . . .        a - +0 war axe
rCold   . . .        (no shield)
rNeg    . . .        b - +0 scale mail
rPois   .            (no helmet)
rElec   .            (no cloak)
rCorr   .            (no gloves)
SInv    .            (no boots)
Will    .....        l - amulet of regeneration Stlth
                     (no ring)
HPRegen 1.06/turn    (no ring)
MPRegen 0.09/turn

%: no passive effects
@: no status effects
A: hooves 1, condensation shield, demonic magic 1
a: no special abilities


You were on level 2 of the Dungeon.
You visited 1 branch of the dungeon, and saw 2 of its levels.

You collected 80 gold pieces.

Inventory:

Hand Weapons
 a - a +0 war axe (weapon)
Armour
 b - a +0 scale mail (worn)
Jewellery
 l - an amulet of regeneration (around neck)
Scrolls
 c - a scroll of teleportation {unknown}
 e - a scroll of enchant armour {unknown}
 j - a scroll of immolation {unknown}
 k - 2 scrolls of poison {unknown}
 n - a scroll of vulnerability {unknown}
 o - a scroll of blinking {unknown}
 p - a scroll of silence {unknown}
Potions
 d - a potion of might
 f - a potion of curing {unknown}
 g - a potion of resistance {unknown}
 h - a potion of ambrosia {unknown}
 i - a potion of brilliance {unknown}
 m - a potion of haste {unknown}


   Skills:
 + Level 3.6 Fighting
 * Level 3.2 Axes
 + Level 3.3 Armour
 - Level 2.6 Shields


You had 3 spell levels left.
You didn't know any spells.
Your spell library was empty.

Dungeon Overview and Level Annotations

Branches:
Dungeon (2/15)

Altars:

Annotations:
D:1 2 transporters


Innate Abilities, Weirdness & Mutations

You have large cloven feet.
A meltable shield of frost defends you. (SH +4)
Spells you cast may paralyse adjacent enemies.


Message History

No target in view!
No target in view!
No target in view!
No target in view!
No target in view!
No target in view!
No target in view!
No target in view!
No target in view!
No target in view!
No target in view!
No target in view!
No target in view!
n - a scroll labelled ETZONU QALAO You now have 63 gold pieces (gained 14).
o - a scroll labelled OKAANA ISUCRAT
p - a scroll labelled DOPSUICKITZ An adder comes into view.
Found a scroll labelled GAMEIHEIPT.
The adder hisses angrily.
The adder bites you but does no damage.
An adder is nearby!
An adder is nearby!
An adder is nearby!
You slash the adder!
You kill the adder!
No target in view!
No target in view!
No target in view!
No target in view!
No target in view!
No target in view!
No target in view!
No target in view!
No target in view!
No target in view!
k - 2 scrolls labelled GAMEIHEIPT (gained 1)
You now have 80 gold pieces (gained 17).
Found a stone staircase leading down.
Are you sure you want to abandon this character and quit the game? (Confirm with "yes".)

#..#.....#.#.#
#######.
#..##.#.##.#.#
#.
#....###...#.#
#.
#..##.#.##.#.#
...
##.#.....#.#.#
####
#...##......#
######.####.#
#### #.# #.#
... #.# #@# #.
#.# #......>.
#. #.#
#########
####. #.#
..... #.#
###.. #.# #..
#.# #.. #.#
#.. #..


There were no monsters in sight!

Vanquished Creatures
  Natasha (D:2)
  2 adders (D:2)
  A worm (D:2)
  2 dart slugs (D:1)
  5 endoplasms
  3 giant cockroaches
  4 goblins (D:1)
  A hobgoblin (D:1)
  5 jackals
  3 quokkas
  A ball python (D:2)
  4 bats
  2 frilled lizards
  3 rats (D:1)
37 creatures vanquished.

Notes
Turn   | Place    | Note
-------+----------+-------------------------------------------
     0 | D:1      | coolio the Demonspawn Fighter began the quest for the Orb.
     0 | D:1      | Reached XP level 1. HP: 18/18 MP: 1/1
   390 | D:1      | Gained mutation: You have large cloven feet. [demonic
                  | ancestry]
   390 | D:1      | Reached XP level 2. HP: 16/24 MP: 2/2
   616 | D:1      | Gained mutation: A meltable shield of frost defends you.
                  | (SH +4) [demonic ancestry]
   616 | D:1      | Reached XP level 3. HP: 29/29 MP: 3/3
   864 | D:2      | Found a faded altar of an unknown god.
   866 | D:2      | Noticed an eye of devastation
   881 | D:2      | Noticed a golden eye
   888 | D:2      | Noticed a golden eye
   888 | D:2      | Noticed a shining eye
  1149 | D:2      | Noticed Natasha
  1154 | D:2      | Killed Natasha
  1155 | D:2      | Gained mutation: Spells you cast may paralyse adjacent
                  | enemies. [demonic ancestry]
  1155 | D:2      | Reached XP level 4. HP: 25/35 MP: 4/4
  1209 | D:2      | Quit the game

Illustrated notes

Levels and vault maps discovered:
D:1:      spicycebolla_arrival_transporter_tutorial, layout_basic,
          minmay_statues_item, st_stairs_11
D:2:      layout_loops_ring, hellmonk_ecumenical_altar_watching_god,
          serial_glass, glass_columns_c, glass_columns_a, basic_altar,
          minmay_tall_x, uniq_natasha

Skill      XL: |  1  2  3 |
---------------+----------+-----
Axes           | 2 3 |  3.2
Armour         | 3 |  3.3
Fighting       | |  3.6
Shields        | |  2.6

Action                     |  1- 3 |  4- 6 || total
---------------------------+-------+-------++-------
  Melee: War axe           |    87 |     6 ||    93
         Kick              |    12 |     1 ||    13
 Armour: Scale mail        |    48 |     4 ||    52
  Dodge: Dodged            |    49 |     3 ||    52
  Block: Other             |    10 |     3 ||    13
